 Dungeon Crawl Stone Soup version 0.27-a0-1193-g8631133539 (webtiles) character file.

Game seed: 15537122666158324201

408 Zonian the Firebug (level 6, -5/39 HPs)
             Began as a Gnoll Fire Elementalist on May 26, 2021.
             Was a Follower of Hepliaklqana.
             Slain by a steam dragon (9 damage)
             ... on level 7 of the Dungeon.
             The game lasted 00:16:18 (7536 turns).

Zonian the Firebug (Gnoll Fire Elementalist)        Turns: 7536, Time: 00:16:21

Health: -5/39      AC:  2    Str:  7    XL:     6   Next: 88%
Magic:  11/14      EV: 13    Int: 15    God:    Hepliaklqana [*.....]
Gold:   157        SH:  4    Dex: 14    Spells: 11/15 levels left

rFire    . . .     SeeInvis .   e - +0 dagger
rCold    . . .     Faith    .   p - +0 buckler
rNeg     . . .     Spirit   .   a - +0 robe
rPois    .         Reflect  .   (no helmet)
rElec    .         Harm     .   (no cloak)
rCorr    .         Rampage  .   (no gloves)
Will     .....                  (no boots)
Stlth    +++.......             (no amulet)
HPRegen  0.13/turn              o - ring of flight
MPRegen  0.14/turn              (no ring)

@: flying
A: reduced essence, fangs 1, strong nose, distributed training
a: Renounce Religion, Recall Ancestor, Ancestor Identity


You were on level 7 of the Dungeon.
You worshipped Hepliaklqana.
Hepliaklqana was aware of your devotion.
You visited 1 branch of the dungeon, and saw 5 of its levels.

You collected 157 gold pieces.

Inventory:

Hand Weapons
 b - a +0 halberd
 d - a +0 club
 e - a +0 dagger (weapon)
 f - a +0 flail
 g - a +0 hunting sling
 h - a +0 spear
Missiles
 i - 22 poisoned darts
 k - 75 stones
 n - a throwing net
Armour
 a - a +0 robe (worn)
 p - a +0 buckler (worn)
Jewellery
 o - a ring of flight (left hand)
 q - a +4 ring of protection
Scrolls
 m - a scroll of amnesia
Potions
 c - a potion of haste


   Skills:
 + Level 2.1 Fighting
 + Level 2.1 Short Blades
 + Level 2.1 Long Blades
 + Level 2.1 Axes
 + Level 2.1 Maces & Flails
 + Level 2.1 Polearms
 + Level 2.1 Staves
 + Level 2.1 Slings
 + Level 2.1 Bows
 + Level 2.1 Crossbows
 + Level 2.1 Throwing
 + Level 2.1 Armour
 + Level 5.0 Dodging
 + Level 4.7 Stealth
 + Level 2.1 Shields
 + Level 2.1 Unarmed Combat
 + Level 5.4 Spellcasting
 + Level 2.7 Conjurations
 + Level 1.7 Hexes
 + Level 1.7 Summonings
 + Level 1.7 Necromancy
 + Level 1.7 Translocations
 + Level 1.7 Transmutations
 + Level 5.7 Fire Magic
 + Level 1.7 Ice Magic
 + Level 1.7 Air Magic
 + Level 1.7 Earth Magic
 + Level 1.7 Poison Magic
 + Level 2.3 Invocations
 + Level 2.1 Evocations


You had 11 spell levels left.
You knew the following spells:

 Your Spells              Type           Power      Damage    Failure   Level
a - Foxfire               Conj/Fire      64%        2x1d7     3%          1
b - Conjure Flame         Conj/Fire      16%        6-21      11%         3

Your spell library contained the following spells:

 Spells                   Type           Power      Damage    Failure   Level
 Inner Flame              Hex/Fire       15%        N/A       13%         3
 Sticky Flame             Conj/Fire      16%        2d4       34%         4
 Fireball                 Conj/Fire      8%         3d6       67%         5


Dungeon Overview and Level Annotations

Branches:
Dungeon (4/15)
 Temple: D:4-7

Altars:
Ashenzari
Cheibriados
Dithmenos
Hepliaklqana
Beogh

Annotations:
D:3 3 runed translucent doors, agentchuck's ghost, amateur NaTm
D:7 Menkaure


Innate Abilities, Weirdness & Mutations

Your life essence is reduced to manifest your ancestor. (-10% HP)
You have very sharp teeth.
Your uncanny sense of smell can sniff out nearby items.
Your experience applies equally to all skills.


Message History

The steam dragon bites you!
* * * LOW HITPOINT WARNING * * *
The steam dragon claws you.
* * * LOW HITPOINT WARNING * * *
The gnoll shaman calls upon its god to speed up something.
It was a potion of curing.
You feel better.
The bullfrog is engulfed in a cloud of scalding steam.
The bullfrog misses you. The steam dragon completely misses you.
The steam dragon misses you.
The bullfrog is engulfed in a cloud of scalding steam.
The bullfrog dies!
Really quaff the potion of lignification?
You turn into a tree.
Your +0 robe melds into your body.
Your roots penetrate the ground.
The gnoll hits you but does no damage.
The steam dragon bites you but does no damage.
The steam dragon claws you but does no damage.
Unknown command.
Casting: Foxfire (safe; 3% risk of failure)
Confirm with . or Enter, or press ? or * to list all spells.
You conjure some foxfire!
The gnoll hits you but does no damage.
The steam dragon bites you but does no damage.
The steam dragon claws you but does no damage.
A sky beast comes into view.
Unknown command.
You barely miss the steam dragon.
The foxfire hits the steam dragon but does no damage.
The gnoll hits you but does no damage. You block the steam dragon's attack.
The steam dragon claws you.
* * * LOW HITPOINT WARNING * * *
The sky beast flickers out of sight!
Deactivating autopickup; reactivate with Ctrl-A.
The gnoll hits you with a +0 halberd.
* * * LOW HITPOINT WARNING * * *
It was a potion of cancellation.
Your magical effects are unravelling.
You feel magically purged.
You feel less wooden.
Your +0 robe unmelds from your body.
The gnoll barely misses you. x2
The steam dragon bites you!
You die...

.......
#####...........#...##..
#........
#.#..............#..
##.......#
###.................
...........
#.F.....##...###..#
....#......#
#...##..#...## #.##
#.....###.g#####..## ###
.......##.l(## ####
.......g##g..# ∆
#.D@)### #.#..# ######


You could see a steam dragon, a gnoll shaman, an iguana and 2 gnolls.

Vanquished Creatures
  An ogre (D:4)
  A scorpion (D:4)
  10 gnolls
  3 adders
  A howler monkey skeleton (D:4)
  4 worms
  3 dart slugs
  3 orcs (D:4)
  3 ball pythons
  2 endoplasms (D:2)
  5 goblins
  6 hobgoblins
  4 kobolds
  2 quokkas
  5 bats
  A frilled lizard (D:2)
  A rat (D:1)
55 creatures vanquished.

Vanquished Creatures (collateral kills)
  A bullfrog skeleton (D:4)
  An orc wizard (D:4)
  An orc (D:4)
  A giant cockroach (D:4)
  A goblin (D:4)
  A hobgoblin (D:4)
  A kobold (D:4)
7 creatures vanquished.

Vanquished Creatures (others)
  A bullfrog (D:7)
  2 ancestors
  157 foxfires
  10 plants (D:4)
170 creatures vanquished.

Grand Total: 232 creatures vanquished

Notes
Turn   | Place    | Note
-------+----------+-------------------------------------------
     0 | D:1      | Zonian the Gnoll Fire Elementalist began the quest for the
                  | Orb.
     0 | D:1      | Reached XP level 1. HP: 13/13 MP: 6/6
   978 | D:1      | Reached XP level 2. HP: 19/19 MP: 7/7
  1654 | D:2      | Found a snail-covered altar of Cheibriados.
  1661 | D:2      | Reached XP level 3. HP: 24/25 MP: 7/9
  1702 | D:2      | Reached skill level 5 in Spellcasting
  2060 | D:2      | Reached skill level 1 in Invocations
  2247 | D:2      | Reached skill level 1 in Fighting
  2247 | D:2      | Reached skill level 1 in Short Blades
  2247 | D:2      | Reached skill level 1 in Long Blades
  2247 | D:2      | Reached skill level 1 in Axes
  2247 | D:2      | Reached skill level 1 in Maces & Flails
  2247 | D:2      | Reached skill level 1 in Polearms
  2247 | D:2      | Reached skill level 1 in Staves
  2247 | D:2      | Reached skill level 1 in Slings
  2247 | D:2      | Reached skill level 1 in Bows
  2247 | D:2      | Reached skill level 1 in Crossbows
  2247 | D:2      | Reached skill level 1 in Throwing
  2247 | D:2      | Reached skill level 1 in Armour
  2247 | D:2      | Reached skill level 1 in Shields
  2247 | D:2      | Reached skill level 1 in Unarmed Combat
  2247 | D:2      | Reached skill level 1 in Evocations
  2383 | D:2      | Reached XP level 4. HP: 32/32 MP: 8/11
  2851 | D:2      | Reached skill level 1 in Hexes
  2851 | D:2      | Reached skill level 1 in Summonings
  2851 | D:2      | Reached skill level 1 in Necromancy
  2851 | D:2      | Reached skill level 1 in Translocations
  2851 | D:2      | Reached skill level 1 in Transmutations
  2851 | D:2      | Reached skill level 1 in Ice Magic
  2851 | D:2      | Reached skill level 1 in Air Magic
  2851 | D:2      | Reached skill level 1 in Earth Magic
  2851 | D:2      | Reached skill level 1 in Poison Magic
  3636 | D:2      | Reached XP level 5. HP: 23/37 MP: 9/12
  3855 | D:2      | Learned a level 3 spell: Conjure Flame
  4156 | D:3      | Found a runed translucent gate.
  4156 | D:3      | Identified the +3 dagger of Sug Heze {drain, rPois Int+3}
  4156 | D:3      | Noticed agentchuck's ghost (amateur NaTm)
  4157 | D:3      | Found a runed translucent gate.
  4158 | D:3      | Found a runed translucent gate.
  4287 | D:3      | Found a broken altar of Ashenzari.
  4289 | D:3      | Found a hazy altar of Hepliaklqana.
  4367 | D:3      | Became a worshipper of Hepliaklqana the Forgotten
  5025 | D:3      | Found a shadowy altar of Dithmenos.
  5365 | D:4      | Noticed an ogre
  5501 | D:4      | Reached XP level 6. HP: 28/44 MP: 11/13
  5771 | D:4      | Reached skill level 5 in Dodging
  5879 | D:4      | Reached * piety under Hepliaklqana
  6266 | D:4      | Noticed a sky beast
  6736 | D:4      | Noticed an orc warrior
  7449 | D:4      | You are sucked into a shaft and drop 3 floors!
  7503 | D:7      | Noticed Menkaure
  7520 | D:7      | Noticed a steam dragon
  7534 | D:7      | Noticed a sky beast
  7536 | D:7      | Slain by a steam dragon

Illustrated notes

Levels and vault maps discovered:
D:1:      minmay_arrival_shattered_statue, layout_basic, minivault_23
D:2:      layout_basic, basic_altar
D:3:      layout_loops_ring, nicolae_dithmenos_through_a_glass_darkly,
          jmf_multi_god_temple, biasface_ghost_orc_armoury
D:4:      layout_rooms, nicolae_overflow_hidden_temple, serial_bayou_pond_c
D:7:      layout_cave_pools, item_on_display_b, uniq_maggie, uniq_harold,
          uniq_menkaure

Skill      XL: |  1  2  3  4  5  6 |
---------------+-------------------+-----
Conjurations   | 2 |  2.7
Spellcasting   | 5 |  5.4
Invocations    | 1 2 |  2.3
Fighting       | 1 2 |  2.1
Short Blades   | 1 2 |  2.1
Long Blades    | 1 2 |  2.1
Axes           | 1 2 |  2.1
Maces & Flails | 1 2 |  2.1
Polearms       | 1 2 |  2.1
Staves         | 1 2 |  2.1
Slings         | 1 2 |  2.1
Bows           | 1 2 |  2.1
Crossbows      | 1 2 |  2.1
Throwing       | 1 2 |  2.1
Armour         | 1 2 |  2.1
Shields        | 1 2 |  2.1
Unarmed Combat | 1 2 |  2.1
Evocations     | 1 2 |  2.1
Hexes          | 1 |  1.7
Summonings     | 1 |  1.7
Necromancy     | 1 |  1.7
Translocations | 1 |  1.7
Transmutations | 1 |  1.7
Ice Magic      | 1 |  1.7
Air Magic      | 1 |  1.7
Earth Magic    | 1 |  1.7
Poison Magic   | 1 |  1.7
Dodging        | 5 |  5.0
Stealth        | |  4.7
Fire Magic     | |  5.7

Action                   |  1- 3 |  4- 6 || total
-------------------------+-------+-------++-------
Melee: Unarmed           |     9 |       ||     9
       Club              |     8 |       ||     8
       Flail             |    11 |    54 ||    65
       Dagger            |     4 |    47 ||    51
       Bite              |     3 |     8 ||    11
 Fire: Hunting sling     |       |     6 ||     6
Throw: Dart              |       |     2 ||     2
 Cast: Foxfire           |    27 |    79 ||   106
Invok: Recall Ancestor   |       |     2 ||     2
  Use: Scroll            |     2 |     4 ||     6
       Potion            |       |     5 ||     5
 Stab: Sleeping          |     2 |     4 ||     6
Armor: Robe              |    11 |    15 ||    26
       Skin              |       |     7 ||     7
Dodge: Dodged            |    38 |    89 ||   127
Block: Buckler           |       |    13 ||    13

Table legend: (Time is in decaauts)
 A = Elapsed time spent in this place.
 B = Non-inter-level travel time spent in this place.
 C = Inter-level travel time spent in this place.
 D = Time resting spent in this place.
 E = Time spent auto-exploring this place.
 F = Levels seen in this place.
 G = Mean time per level.
                   A        B        C        D        E       F      G
               +--------+--------+--------+--------+--------+-----+--------+
         Total |   7563 |   7271 |    292 |   4078 |   2099 |   5 | 1512.6 |
       Dungeon |   7563 |   7271 |    292 |   4078 |   2099 |   5 | 1512.6 |
               +--------+--------+--------+--------+--------+-----+--------+

Top non-repeatable levels by time:
     D:3: 2291 daAuts
     D:1: 2254 daAuts
     D:2: 1905 daAuts
     D:4: 1026 daAuts
     D:7: 86 daAuts
